 Dungeon Crawl Stone Soup version 0.31.0-10-gcf4a605ca0 (webtiles) character file.

Game seed: 10889234238730737906

483796 ces the Merry Spriggan (level 24, -5/127 HPs)
             Began as a Spriggan Hunter on Jan 24, 2024.
             Was an Initiate of Gozag.
             Slain by a quicksilver ooze (9 damage)
             ... created by the Royal Jelly
             ... on level 5 of the Pits of Slime on Jan 25, 2024.
             The game lasted 06:33:56 (100126 turns).

ces the Merry Spriggan (Spriggan Hunter)          Turns: 100126, Time: 06:33:57

Health: -5/127     AC: 10    Str: 15    XL:     24   Next: 1%
Magic:  14/26      EV: 49    Int: 11    God:    Gozag
Gold:   221        SH:  9    Dex: 27    Spells: 28/35 levels left

rFire   + . .        l - +3 greatsling "Punk" {acid, rCorr}
rCold   + . .        n - +3 buckler of Resourcefulness {rN+ Int+4 Dex+3}
rNeg    + + +        N - +2 robe {rN+}
rPois   +            P - +1 hat {Int+3}
rElec   +            H - +1 cloak of Starlight {*Dazzle EV+4 Stlth--}
rCorr   +            (gloves unavailable)
SInv    +            (boots unavailable)
Will    +++++        I - necklace of Bloodlust {Fury *Rage Will++ Int-3 Slay+6}
Stlth   +++++        w - ring of positive energy
HPRegen 0.41/turn    L - ring "Xairr" {rPois Str+6 Int-3 SInv Stlth+}
MPRegen 0.20/turn

%: random rage (53%)
@: resistant, on berserk cooldown, hasted and slowed, very quick
A: very small, no large weapons, unfitting armour, see invisible, speed 3,
iridescent scales 1, berserk 1, dopey 1, frail 1, low MP 2, weak 1, inability to
drink after injury 1, inability to read after injury 1, devolution 1
}: 1/15 runes: serpentine
a: Renounce Religion, Potion Petition, Call Merchant, Bribe Branch


You were on level 5 of the Pits of Slime.
You worshipped Gozag.
Gozag was aware of your devotion.
You visited 12 branches of the dungeon, and saw 50 of its levels.
You visited the Abyss 1 time.
You visited 1 bazaar.
You also visited: Ossuary and Gauntlet.

You collected 22213 gold pieces.
You spent 6496 gold pieces at shops.
You paid 15496 gold pieces to Gozag.

Inventory:

Hand Weapons
 a - a +7 heavy arbalest
 b - the +12 shortbow "Ruudergh" {drain, *Slow rC++ Dex+5}
   (You bought it in a shop on level 2 of the Orcish Mines)

   Dex+5:     It affects your dexterity (+5).
   rC++:      It greatly protects you from cold.
   *Slow:     It may slow you when you take damage.
 l - the +3 greatsling "Punk" (weapon) {acid, rCorr}
   (You bought it in a shop on level 2 of the Orcish Mines)

   rCorr:     It protects you from acid and corrosion.
 x - the +5 rapier "Orb Guardian's Bane" {vamp, Fly rN++ Str-5 Stlth+}
   (You took it off a tengu warrior on level 1 of the Depths)

   Str-5:     It affects your strength (-5).
   rN++:      It greatly protects you from negative energy.
   Fly:       It grants you flight.
   Stlth+:    It makes you more stealthy.
Missiles
 i - 10 throwing nets
Armour
 n - the +3 buckler of Resourcefulness (worn) {rN+ Int+4 Dex+3}
   (You found it on level 3 of the Lair of Beasts)

   Int+4:     It affects your intelligence (+4).
   Dex+3:     It affects your dexterity (+3).
   rN+:       It protects you from negative energy.
 p - the orb of Rationality {mayhem, Harm Int-2 Dex-2 Stlth+}
   (You found it on level 6 of the Dungeon)

   Int-2:     It affects your intelligence (-2).
   Dex-2:     It affects your dexterity (-2).
   Harm:      It increases damage dealt and taken.
   Stlth+:    It makes you more stealthy.
 v - the +0 cloak "Byurun" {-Tele rC+ Str+3 Dex+3}
   (You found it on level 9 of the Dungeon)

   Str+3:     It affects your strength (+3).
   Dex+3:     It affects your dexterity (+3).
   rC+:       It protects you from cold.
   -Tele:     It prevents most forms of teleportation.
 y - +1 pearl dragon scales
 H - the +1 cloak of Starlight (worn) {*Dazzle EV+4 Stlth--}
   (You found it on level 13 of the Dungeon)

   *Dazzle:   It may blind those who miss an attack against the wearer in melee
   combat.
   EV+4:      It affects your evasion (+4).
   Stlth--:   It makes you much less stealthy.
 N - a +2 robe of positive energy (worn)
 O - a +2 robe of willpower
 P - a +1 hat of intelligence (worn)
Jewellery
 d - the ring "Ynarann" {*Corrode rElec rF+++ AC+4 Int-2}
   (You acquired it on level 5 of the Dungeon)

   [ring of protection]

   AC+4:      It affects your AC (+4).
   Int-2:     It affects your intelligence (-2).
   rF+++:     It renders you almost immune to fire.
   rElec:     It insulates you from electricity.
   *Corrode:  It may corrode you when you take damage.
 f - a +6 ring of intelligence
 g - a ring of flight
 w - a ring of positive energy (left hand)
 D - an amulet of reflection
 I - the necklace of Bloodlust (around neck) {Fury *Rage Will++ Int-3 Slay+6}
   (You bought it in a shop on level 4 of the Snake Pit)

   [amulet of nothing]

   Fury:      It extends the wearer's berserk rage when killing foes.
   Int-3:     It affects your intelligence (-3).
   Slay+6:    It affects your accuracy & damage with ranged weapons and melee
   (+6).
   Will++:    It greatly increases your willpower.
   *Rage:     It berserks you when you make melee attacks (+50% chance).
 L - the ring "Xairr" (right hand) {rPois Str+6 Int-3 SInv Stlth+}
   (You found it on level 12 of the Dungeon)

   [ring of strength]

   Str+6:     It affects your strength (+6).
   Int-3:     It affects your intelligence (-3).
   rPois:     It protects you from poison SInv: It lets you see invisible.
   Stlth+:    It makes you more stealthy.
 Q - a ring of protection from cold
 W - the amulet "Xeps" {Regen+ Str+2}
   (You took it off a fire giant on level 2 of the Depths)

   [amulet of regeneration]

   Str+2:     It affects your strength (+2).
   Regen+:    It increases your rate of health regeneration.
 X - an amulet of the acrobat
Wands
 c - a wand of polymorph (4)
 h - a wand of mindburst (4)
 C - a wand of flame (74)
 G - a wand of iceblast (1)
 Z - a wand of digging (1)
Scrolls
 k - a scroll of poison
 q - 12 scrolls of amnesia
 B - a scroll of silence
 S - 2 scrolls of brand weapon
 U - a scroll of summoning
 V - 3 scrolls of revelation
Potions
 e - 19 potions of curing
 j - 2 potions of cancellation
 m - 3 potions of enlightenment
 o - 3 potions of magic
 r - 10 potions of might
 t - 5 potions of lignification
 z - 8 potions of attraction
 A - 2 potions of haste
 J - 3 potions of brilliance
 K - 5 potions of ambrosia
Miscellaneous
 u - a condenser vane
 T - a phantom mirror


   Skills:
 * Level 20.2 Fighting
 O Level 27 Ranged Weapons
 + Level 8.5 Armour
 * Level 22.5 Dodging
 - Level 12.8 Stealth
 - Level 6.0 Spellcasting
 - Level 5.0 Hexes
 - Level 6.5 Translocations
 - Level 3.3 Ice Magic
 * Level 15.6 Evocations


You had 28 spell levels left.
You knew the following spells:

 Your Spells              Type           Power      Damage    Failure   Level
a - Ensorcelled Hibernat  Hex/Ice        24%        N/A       7%          2
b - Blink                 Tloc           34%        N/A       2%          2
c - Tukima's Dance        Hex            14%        N/A       10%         3

Your spell library contained the following spells:

 Spells                   Type           Power      Damage    Failure   Level
 Lesser Beckoning         Tloc           34%        N/A       2%          2
 Gell's Gravitas          Tloc           17%        N/A       5%          3
 Teleport Other           Tloc           17%        N/A       5%          3
 Sigil of Binding         Hex            14%        N/A       10%         3
 Momentum Strike          Conj/Tloc      20%        3d8       11%         2
 Manifold Assault         Tloc           17%        N/A       19%         4
 Frozen Ramparts          Ice            20%        1d4       21%         3
 Ozocubu's Armour         Ice            10%        N/A       21%         3
 Volatile Blastmotes      Fire/Tloc      20%        2d11      21%         3
 Dimensional Bullseye     Hex/Tloc       8%         N/A       24%         4
 Magic Dart               Conj           12%        1d3       26%         1
 Sandblast                Erth           6%         2d5       26%         1
 Dazzling Flash           Conj/Hex       16%        N/A       28%         3
 Call Imp                 Summ           6%         N/A       36%         2
 Mercury Vapours          Alch/Air       6%         N/A       36%         2
 Searing Ray              Conj           6%         2d4       36%         2
 Sublimation of Blood     Necr           3%         N/A       36%         2
 Hailstorm                Conj/Ice       7%         3d5       36%         3
 Summon Ice Beast         Ice/Summ       7%         N/A       36%         3
 Iskenderun's Mystic Bla  Conj/Tloc      10%        2d4       56%         4
 Vhi's Electric Charge    Tloc/Air       20%        N/A       56%         4
 Call Canine Familiar     Summ           3%         N/A       61%         3
 Fugue of the Fallen      Necr           3%         N/A       61%         3
 Mephitic Cloud           Conj/Alch/Air  3%         N/A       61%         3
 Passwall                 Erth           3%         N/A       61%         3
 Stone Arrow              Conj/Erth      6%         3d7       61%         3
 Swiftness                Air            3%         N/A       61%         3
 Anguish                  Hex/Necr       4%         N/A       67%         4
 Metabolic Englaciation   Hex/Ice        6%         N/A       78%         5
 Summon Forest            Summ/Tloc      5%         N/A       88%         5
 Brom's Barrelling Bould  Conj/Erth      3%         2d3       95%         4
 Fulminant Prism          Conj/Alch      1%         3d5       95%         4
 Leda's Liquefaction      Alch/Erth      1%         N/A       95%         4
 Petrify                  Alch/Erth      3%         N/A       95%         4
 Silence                  Hex/Air        4%         N/A       95%         5
 Dispersal                Tloc           8%         N/A       95%         6
 Freezing Cloud           Conj/Ice/Air   2%         6-21      99%         5
 Arcjolt                  Conj/Air       1%         1d11      100%        5
 Curse of Agony           Necr           3%         N/A       100%        5
 Conjure Ball Lightning   Conj/Air       1%         3x3d6     100%        6
 Eringya's Noxious Bog    Alch           1%         4d6       100%        6
 Sculpt Simulacrum        Ice/Alch       3%         N/A       100%        6
 Starburst                Conj/Fire      1%         6d3       100%        6
 Haunt                    Necr/Summ      1%         N/A       100%        7
 Ozocubu's Refrigeration  Ice            5%         4d8       100%        7
 Summon Hydra             Summ           1%         N/A       100%        7
 Discord                  Hex            7%         N/A       100%        8
 Disjunction              Tloc           8%         N/A       100%        8
 Infestation              Necr           1%         N/A       100%        8
 Maxwell's Capacitive Co  Air            1%         ∞         100%        8
 Polar Vortex             Ice            5%         N/A       100%        9
 Animate Dead             Necr           Unusable   N/A       N/A         4

Dungeon Overview and Level Annotations

Branches:
Dungeon (15/15)            Temple (1/1) D:4            Lair (5/5) D:11
 Shoals (4/4) Lair:2        Snake (4/4) Lair:2        Slime (5/5) Lair:5
    Orc (2/2) D:12            Elf (3/3) Orc:2        Vaults (5/5) D:14
  Crypt (1/3) Vaults:3     Depths (4/4) D:15           Hell (visited)
    Zot (0/5) Depths:4    Ossuary (visited)         Gauntlet (visited)
    Dis: Hell:1         Geh: Hell:1         Coc: Hell:1         Tar: Hell:1

Altars:
Ashenzari
Cheibriados
Dithmenos
Elyvilon
Fedhas
Gozag
Hepliaklqana
Kikubaaqudgha
Makhleb
Nemelex Xobeh
Okawaru
Qazlal
Ru
Sif Muna
Trog
Uskayaw
Vehumet
Wu Jian
Xom
Yredelemnul
Zin
The Shining One
Jiyva
Lugonu

Shops:
D:6 [   D:7 *   D:10 (   Orc:2 ?(:[?*   Elf:2 *   Lair:5 =   Snake:4 =*(
Slime:1 [   Vaults:1 (   Vaults:2 (   Depths:3 ??

Portals:
Hell: Depths:1 Depths:2 Depths:3 Depths:4
Abyss: Depths:2 Depths:3 Depths:4
Pandemonium: Orc:2 Depths:2 Depths:3 Depths:4
Ziggurat: Depths:4
Trove: D:11 (give 11 potions of heal wounds)

Annotations:
D:7 Maggie
D:8 exclusion: statue
D:9 2 transporters, mkat's ghost, novice HuSh
Lair:2 2 transporters, Haxyobbu's ghost, journeyman MiFi
Lair:5 exclusion: obsidian statue
Shoals:4 Mara; Polyphemus
Vaults:2 1 transporter
Hell Geryon


Innate Abilities, Weirdness & Mutations

You are very small and have problems with some larger weapons.
You are too small for most types of armour.
You have supernaturally acute eyesight. (SInv)
You cover ground extremely quickly. (Speed+++)
You are partially covered in iridescent scales. (AC +2)
You sometimes lose your temper in combat.
You are dopey. (Int -2)
You are frail. (-10% HP)
Your magical capacity is very low. (-20% MP)
You are weak. (Str -2)
You occasionally lose the ability to drink potions when taking damage.
You occasionally lose the ability to read scrolls when taking damage.
You have hidden genetic defects.


Message History

The azure jelly barely misses you.
The azure jelly completely misses you. x2
There is a stone staircase leading up here.
The quicksilver ooze completely misses you.
The quicksilver ooze misses you. The rockslime hits you!!
* * * LOW HITPOINT WARNING * * *
You stumble backwards!
You stop ascending the stairs.
Okay, then.
Okay, then.
Okay, then.
Okay, then.
A red film seems to cover your vision as you go berserk!
You feel yourself moving faster!
You feel mighty! The rockslime completely misses you.
You block the quicksilver ooze's attack.
The quicksilver ooze completely misses you.
You block the quicksilver ooze's attack.
The quicksilver ooze completely misses you.
You feel a strong urge to attack something.
You feel your anger nearly subside.
Found 6 darts of dispersal.
You are no longer berserk.
You are exhausted.
You feel yourself slow down.
The acid blob quivers.
You feel yourself speed up.
The quicksilver ooze jiggles.
The acid blob spits acid at you. The splash of acid misses you.
You block the quicksilver ooze's attack.
The quicksilver ooze completely misses you.
The quicksilver ooze jiggles.
The azure jelly quivers.
Casting: Blink (safe; 2% risk of failure)
Confirm with . or Enter, or press ? or * to list all spells.
You are still too unstable to blink.
You feel ready to blink again.
The quicksilver ooze attacks as it pursues you!
The quicksilver ooze completely misses you.
The quicksilver ooze hits you!
You die...
Your body crumbles into a pile of gold.

#............#
#............##
#...J.......J.#
#........^....##
###.............####
########..............##$[#
#.#..#..#............##/).#
#.......#.............)$.)#
................@J....!.[φ#
......................).|)#
.................J....!:.|#
.#.###..#..........JJ##?$.#
#### ###..............##([#
##...........<..#
#.............##
#.............#
#............##


You could see an acid blob, 2 azure jellies, a rockslime and 2 quicksilver
oozes.

Vanquished Creatures
  the Royal Jelly (Slime:5)
  2 juggernauts
  Saint Roka (Depths:2)
  6 caustic shrikes
  4 golden dragons
  Nikola (Shoals:3)
  The ghost of Tunlugh the Earth Mage, an adept GrEE of Vehumet (Lair:4)
  A walking crystal tome (Depths:3)
  A doom hound (Depths:2)
  Rupert (Snake:1)
  5 tentacled monstrosities
  4 liches
  A walking frostbound tome (Depths:1)
  A deep elf blademaster (Elf:2)
  A titan (Depths:2)
  20 acid blobs
  7 sphinxes
  A shadow dragon (Vaults:5)
  3 storm dragons
  5 tengu reavers
  Donald (Vaults:4)
  10 fire giants
  2 nagarajas (Snake:4)
  5 rockslimes
  A daeva (Depths:4)
  A draconian monk (Depths:4)
  10 azure jellies
  8 frost giants
  An iron dragon (Depths:2)
  18 vault wardens
  5 deep elf elementalists
  2 angels (Depths:4)
  3 ghouls (Vaults:3)
  Louise (Snake:3)
  A draconian stormcaller (Depths:4)
  19 ironbound preservers
  4 spriggan defenders
  An orc warlord (Vaults:4)
  10 very ugly things
  A reaper (Vaults:3)
  A draconian annihilator (Depths:4)
  17 stone giants
  10 formless jellyfish
  11 quicksilver oozes
  3 vampire knights (Depths:1)
  The ghost of SuperJoe the Nimble, a journeyman DjMo of Makhleb (Lair:3)
  6 ironbound thunderhulks
  A deep elf demonologist (Vaults:4)
  2 deep elf annihilators (Elf:1)
  A minotaur (Lair:2)
  A green draconian (Depths:4)
  2 red draconians (Depths:4)
  2 yellow draconians (Depths:4)
  A black draconian (Depths:4)
  7 spark wasps
  3 war gargoyles
  10 dire elephants
  2 deep elf death magi
  3 merfolk javelineers
  A crystal guardian (Vaults:3)
  3 merfolk impalers
  11 ettins
  10 fire dragons
  Josephine (D:14)
  10 yaktaur captains
  A hell beast (Depths:4)
  7 hydras
  9 ice dragons
  9 ironbound frosthearts
  12 great orbs of eyes
  Harold (Lair:1)
  6 rakshasas (Depths:1)
  17 vault guards
  5 salamander tyrants
  A peacekeeper (Vaults:3)
  15 centaur warriors
  11 anacondas
  2 death knights
  2 demonspawn (Orc:2)
  A catoblepas (Lair:2)
  8 naga warriors
  3 spriggan air magi
  An alligator snapping turtle (Shoals:4)
  A satyr (Shoals:3)
  7 boulder beetles
  7 deep troll earth magi
  11 tengu warriors
  2 two-headed ogres
  3 merfolk aquamancers
  24 dancing weapons
  3 vampire magi
  Urug (Orc:1)
  9 deep troll shamans
  9 death yaks
  12 naga sharpshooters
  4 spriggan berserkers
  8 hell knights
  10 shock serpents
  5 orc high priests (Orc:2)
  A sun demon (Orc:2)
  3 soul eaters
  22 deep elf knights
  3 salamander mystics
  A shining eye (shapeshifter) (Depths:1)
  A sixfirhy (Depths:4)
  3 iron trolls
  2 spectral death yaks (Lair:5)
  A skeletal warrior (D:14)
  6 skysharks
  5 arcanists
  13 sea snakes
  2 glowing orange brains
  12 mana vipers
  5 deep elf archers
  A spectral anaconda (Lair:5)
  7 naga ritualists
  A bog body (Vaults:3)
  23 ironbound convokers
  55 deep trolls
  A tengu zombie (Vaults:3)
  3 flayed ghosts
  9 necromancers
  A shadow dragon zombie (Vaults:3)
  27 deep elf pyromancers
  4 lindwurms
  23 deep elf zephyrmancers
  A lindwurm (shapeshifter) (Elf:2)
  5 phantasmal warriors
  An eye of devastation (shapeshifter) (Depths:4)
  3 oklob plants
  15 orc knights
  9 shining eyes
  33 ugly things
  17 harpies
  6 cyclopes
  8 fauns (Shoals:2)
  20 elephants
  8 manticores
  22 salamanders
  11 orc sorcerers
  3 large abominations
  5 meliai (Depths:2)
  A worldbinder (Abyss:2)
  49 black mambas
  A rust devil (Depths:4)
  18 vault sentinels
  5 kobold blastminers
  A water nymph (Shoals:1)
  2 gargoyles (D:13)
  7 merfolk sirens
  The ghost of Vadun the Slasher, a novice VSBe of Trog (D:5)
  The ghost of Vadun the Cudgeller, a novice MiBe of Trog (D:6)
  Joseph (Lair:1)
  10 naga magi
  2 torpor snails (Lair:4)
  2 guardian serpents (Snake:4)
  2 eyes of devastation
  14 cane toads
  6 rime drakes
  4 centaur skeletons (D:14)
  An unseen horror (D:13)
  An efreet (D:14)
  4 kobold demonologists
  2 guardian mummies (D:11)
  12 komodo dragons
  9 tengu conjurers
  30 yaktaurs
  An ancient zyme (Abyss:2)
  2 human skeletons (Vaults:3)
  A red devil (Orc:2)
  7 wind drakes
  17 merfolk
  6 polar bears
  A raiju (Abyss:2)
  2 trolls
  A glass eye (shapeshifter) (Depths:4)
  5 hornets
  16 blink frogs
  8 dream sheep
  130 slime creatures
  A harpy skeleton (Abyss:2)
  6 glass eyes
  5 snapping turtles
  5 small abominations (Abyss:2)
  5 spriggans
  6 wraiths
  3 shadows
  An air elemental (Elf:2)
  2 ynoxinuls (Abyss:2)
  20 water elementals
  A black mamba zombie (Crypt:1)
  3 wyverns
  A slime creature zombie (Crypt:1)
  3 vampires
  A culicivora (shapeshifter) (Vaults:5)
  40 yaks
  10 golden eyes
  A fire elemental (Depths:1)
  4 basilisks
  2 death yak simulacra (Lair:5)
  9 vampire mosquitoes
  4 steam dragons
  2 wargs
  Grum (Lair:1)
  2 chaos spawn
  30 nagas
  4 acid dragons
  11 water moccasins
  A fire bat skeleton (Crypt:1)
  An elephant zombie (Lair:5)
  4 black bears
  6 laughing skulls (Crypt:1)
  A human zombie (Vaults:3)
  5 wolves
  8 ogres
  An ice beast (D:6)
  37 orc warriors
  2 starcursed masses (Abyss:2)
  9 centaurs
  2 elephant skeletons (Lair:5)
  A swamp dragon skeleton (Crypt:1)
  9 kobold brigands
  A gnoll sergeant (D:9)
  11 bullfrogs
  5 scorpions
  A cyclops zombie (Crypt:1)
  3 earth elementals
  12 wights
  2 elephant simulacra (Lair:5)
  5 killer bees (D:9)
  2 howler monkeys
  2 bombardier beetles (D:4)
  3 lava snakes (Lair:2)
  3 jellies
  A gnoll bouda (D:5)
  3 hounds
  25 orc priests
  3 water moccasin simulacra (D:5)
  Crazy Yiuf (D:3)
  4 iguanas
  A sleepcap (D:6)
  Ijyb (D:4)
  Natasha (D:3)
  15 orc wizards
  A centaur simulacrum (D:5)
  8 mummies (Ossuary)
  A killer bee simulacrum (D:5)
  20 gnolls
  10 adders
  A hound simulacrum (D:5)
  2 shadow imps (D:6)
  2 white imps
  2 ufetubi (Abyss:2)
  4 dart slugs
  A ribbon worm (D:3)
  70 orcs
  10 ball pythons
  7 endoplasms
  4 giant cockroaches
  2 gnoll zombies (Ossuary)
  4 goblins
  9 hobgoblins
  8 jackals
  3 quokkas
  3 training dummies (D:10)
  6 bats
  A frilled lizard (D:1)
  A hobgoblin zombie (Ossuary)
  37 kobolds
  5 orc zombies (Ossuary)
  4 rats
1904 creatures vanquished.

Vanquished Creatures (others)
  An eldritch tentacle (Shoals:4)
  A deep elf elementalist (Elf:1)
  A stone giant (Depths:2)
  A merfolk avatar (Shoals:4)
  A water nymph (Shoals:4)
  A water moccasin (Lair:4)
  A butterfly (Depths:4)
  32 starspawn tentacles (Abyss:2)
39 creatures vanquished.

Grand Total: 1943 creatures vanquished

Notes
Turn   | Place    | Note
-------+----------+-------------------------------------------
     0 | D:1      | ces the Spriggan Hunter began the quest for the Orb.
     0 | D:1      | Reached XP level 1. HP: 10/10 MP: 2/2
   140 | D:1      | Reached XP level 2. HP: 15/15 MP: 3/3
   345 | D:1      | Reached XP level 3. HP: 18/18 MP: 4/4
   450 | D:1      | Found a faded altar of an unknown god.
   874 | D:2      | Reached XP level 4. HP: 19/23 MP: 5/5
  1044 | D:2      | Gained mutation: Your muscles are strong. (Str +4, Int/Dex
                  | -1) [potion of mutation]
  1044 | D:2      | Gained mutation: You are agile. (Dex +4, Str/Int -1)
                  | [potion of mutation]
  1044 | D:2      | Gained mutation: You are partially covered in iridescent
                  | scales. (AC +2) [potion of mutation]
  1125 | D:2      | Reached skill level 5 in Ranged Weapons
  1265 | D:2      | Reached XP level 5. HP: 23/26 MP: 6/6
  1571 | D:3      | Noticed Natasha
  1575 | D:3      | Killed Natasha
  1946 | D:3      | Reached skill level 6 in Ranged Weapons
  2083 | D:3      | Found a runed translucent door.
  2084 | D:3      | Noticed Crazy Yiuf
  2089 | D:3      | Killed Crazy Yiuf
  2140 | D:4      | Noticed Ijyb
  2152 | D:4      | Killed Ijyb
  2233 | D:4      | Reached XP level 6. HP: 30/30 MP: 7/7
  2473 | D:4      | Reached skill level 7 in Ranged Weapons
  2501 | D:4      | Found a staircase to the Ecumenical Temple.
  2515 | Temple   | Entered the Ecumenical Temple
  2525 | Temple   | Became a worshipper of Gozag Ym Sagoz the Greedy
  2944 | D:4      | Reached skill level 8 in Ranged Weapons
  2944 | D:4      | Reached XP level 7. HP: 25/35 MP: 8/8
  3492 | D:5      | Entered Level 5 of the Dungeon
  3504 | D:5      | Found a runed translucent gate.
  3504 | D:5      | Found a runed translucent gate.
  3820 | D:5      | Reached skill level 9 in Ranged Weapons
  3954 | D:5      | Found a white marble altar of Elyvilon.
  4126 | D:5      | Found a runed translucent gate.
  4270 | D:5      | Noticed Vadun's ghost (novice VSBe)
  4362 | D:5      | Found a basalt altar of Yredelemnul.
  4519 | D:5      | Identified a scroll of acquirement
  4519 | D:5      | Acquired the ring "Ynarann" {*Corrode rElec rF+++ AC+4
                  | Int-2}
  4546 | D:6      | Found a sacrificial altar of Ru.
  4552 | D:6      | Found an ornate altar of the Wu Jian Council.
  4556 | D:6      | Found a shadowy altar of Dithmenos.
  4603 | D:6      | Reached XP level 8. HP: 34/39 MP: 9/9
  4615 | D:6      | Found a transporter.
  4622 | D:6      | Reached skill level 10 in Ranged Weapons
  4695 | D:6      | Found a transporter.
  4695 | D:6      | Found Xidghydu's Antique Armour Shoppe.
  4768 | D:6      | Identified the orb of Rationality {mayhem, Harm Int-2 Dex-2
                  | Stlth+}
  4982 | D:6      | Reached skill level 11 in Ranged Weapons
  5014 | D:6      | Found a runed translucent door.
  5014 | D:6      | Noticed Vadun's ghost (novice MiBe)
  5087 | D:6      | Found a burning altar of Makhleb.
  5536 | D:7      | Found Paqorchyr's General Store.
  5849 | D:7      | Reached XP level 9. HP: 43/43 MP: 10/10
  6050 | D:7      | Reached skill level 12 in Ranged Weapons
  6050 | D:7      | Reached skill level 5 in Dodging
  6103 | D:7      | Found a glowing silver altar of Zin.
  6117 | D:7      | Found a stormy altar of Qazlal.
  6238 | D:7      | Noticed Maggie
  6501 | D:7      | Found a sand-covered staircase.
  6543 | Ossuary  | Entered an ossuary
  7323 | D:8      | Found a radiant altar of Vehumet.
  7684 | D:8      | Found a hazy altar of Hepliaklqana.
  8145 | D:7      | Bought a scroll of brand weapon for 133 gold pieces
  8146 | D:7      | Bought a scroll of identify for 28 gold pieces
  8146 | D:7      | Bought a scroll of identify for 28 gold pieces
  8227 | D:9      | Found a sparkling altar of Nemelex Xobeh.
  8344 | D:9      | Found a transporter.
  8349 | D:9      | Noticed a troll
  8352 | D:9      | Noticed a two-headed ogre
  8475 | D:9      | Found a transporter.
  8485 | D:9      | Found a bloodstained altar of Trog.
  8492 | D:9      | Noticed a moth of wrath
  8493 | D:9      | Noticed a tengu warrior
  8506 | D:9      | Noticed mkat's ghost (novice HuSh)
  8512 | D:9      | Noticed a two-headed ogre
  8522 | D:9      | Noticed a two-headed ogre
  8574 | D:9      | Identified the +0 cloak "Byurun" {-Tele rC+ Str+3 Dex+3}
  8599 | D:9      | Reached skill level 13 in Ranged Weapons
  8714 | D:9      | Reached XP level 10. HP: 50/50 MP: 11/11
  8971 | D:9      | Noticed a two-headed ogre
  8996 | D:9      | Killed a two-headed ogre
  9425 | D:10     | Entered Level 10 of the Dungeon
  9585 | D:10     | Reached skill level 5 in Fighting
  9699 | D:10     | Noticed a cyclops
  9713 | D:10     | Found Egayc's Firing Range.
  9727 | D:10     | Bought a +0 arbalest for 54 gold pieces
  9841 | D:10     | Killed a cyclops
  9931 | D:10     | Reached skill level 14 in Ranged Weapons
 10030 | D:10     | Found a hide-covered altar of Uskayaw.
 10163 | D:11     | Noticed a boulder beetle
 10171 | D:11     | Found a staircase to the Lair.
 10173 | D:11     | Noticed an oklob plant
 10173 | D:11     | Noticed an oklob plant
 10208 | D:11     | Killed a boulder beetle
 10413 | D:11     | Reached XP level 11. HP: 56/56 MP: 12/12
 10662 | D:11     | Found a portal to a secret trove of treasure.
 11602 | D:12     | Identified the ring "Xairr" {rPois Str+6 Int-3 SInv Stlth+}
 11702 | D:12     | Found a staircase to the Orcish Mines.
 11906 | D:12     | Reached skill level 10 in Dodging
 11918 | D:12     | Reached skill level 15 in Ranged Weapons
 11993 | D:12     | Noticed a two-headed ogre
 12691 | D:12     | Noticed a boulder beetle
 12860 | D:12     | Killed a two-headed ogre
 13070 | D:12     | Killed a boulder beetle
 13279 | D:12     | Reached skill level 16 in Ranged Weapons
 13279 | D:12     | Reached XP level 12. HP: 63/63 MP: 13/13
 13648 | D:13     | Found the +1 cloak of Starlight {*Dazzle EV+4 Stlth--}
 13977 | D:13     | Noticed a centaur warrior
 14011 | D:13     | Lost mutation: You are partially covered in iridescent
                  | scales. (AC +2) [potion of mutation]
 14011 | D:13     | Lost mutation: You are agile. (Dex +4, Str/Int -1) [potion
                  | of mutation]
 14011 | D:13     | Gained mutation: You occasionally lose the ability to read
                  | scrolls when taking damage. [potion of mutation]
 14011 | D:13     | Gained mutation: You are strong-willed. (Will+) [potion of
                  | mutation]
 14012 | D:13     | Lost mutation: You are strong-willed. (Will+) [potion of
                  | mutation]
 14012 | D:13     | Lost mutation: You occasionally lose the ability to read
                  | scrolls when taking damage. [potion of mutation]
 14012 | D:13     | Lost mutation: Your muscles are strong. (Str +4, Int/Dex
                  | -1) [potion of mutation]
 14012 | D:13     | Gained mutation: You have a somewhat thin skeletal
                  | structure. (Dex +2, Stealth+) [potion of mutation]
 14383 | D:14     | Found a white marble altar of Elyvilon.
 14387 | D:14     | Noticed a tengu warrior
 14404 | D:14     | Killed a tengu warrior
 14405 | D:14     | Reached skill level 1 in Evocations
 14470 | D:14     | Found a gate leading to a gauntlet.
 14510 | D:14     | Noticed a centaur warrior
 14543 | Gauntlet | Entered a Gauntlet
 14543 | Gauntlet | Noticed a catoblepas
 14543 | Gauntlet | Found a transporter.
 14543 | Gauntlet | Found a transporter.
 14543 | Gauntlet | Found a transporter.
 14543 | Gauntlet | Found a transporter.
 14553 | Gauntlet | Found a transporter.
 14554 | Gauntlet | Found a transporter.
 14742 | D:14     | Reached skill level 17 in Ranged Weapons
 14743 | D:14     | Noticed a centaur warrior
 14790 | D:14     | Noticed Josephine
 14922 | D:14     | Reached skill level 5 in Evocations
 15150 | D:14     | Noticed a boulder beetle
 15568 | D:13     | Noticed a boulder beetle
 15752 | D:13     | Killed a boulder beetle
 15807 | D:13     | Noticed a centaur warrior
 15812 | D:13     | Killed a centaur warrior
 15813 | D:13     | Reached XP level 13. HP: 53/69 MP: 11/14
 16189 | Orc:1    | Entered Level 1 of the Orcish Mines
 16292 | Orc:2    | Entered Level 2 of the Orcish Mines
 16292 | Orc:2    | Noticed Urug
 16302 | Orc:1    | Killed Urug
 16900 | Orc:2    | Found Piolueh's Magic Scroll Emporium.
 17882 | Lair:1   | Entered Level 1 of the Lair of Beasts
 18077 | Lair:1   | Noticed Grum
 18083 | Lair:1   | Killed Grum
 18193 | Lair:1   | Noticed Joseph
 18197 | Lair:1   | Killed Joseph
 18579 | Lair:1   | Noticed Harold
 18597 | Lair:1   | Killed Harold
 18921 | Lair:2   | Found a staircase to the Shoals.
 19137 | Lair:2   | Reached skill level 18 in Ranged Weapons
 19200 | Lair:2   | Found a transporter.
 19204 | Lair:2   | Found a transporter.
 19204 | Lair:2   | Noticed Haxyobbu's ghost (journeyman MiFi)
 19662 | Lair:2   | Found a staircase to the Snake Pit.
 19721 | Lair:2   | Reached skill level 5 in Stealth
 20367 | D:5      | Killed Vadun's ghost
 20522 | D:6      | Killed Vadun's ghost
 20562 | D:6      | Lost mutation: You have a somewhat thin skeletal structure.
                  | (Dex +2, Stealth+) [potion of mutation]
 20562 | D:6      | Gained mutation: Your magical capacity is low. (-10% MP)
                  | [potion of mutation]
 20562 | D:6      | Gained mutation: You have hidden genetic potential. [potion
                  | of mutation]
 20613 | D:6      | Bought a runed hat for 238 gold pieces
 20825 | D:14     | Identified the +1 dagger of Wadiarch {freeze, +Blink}
 20890 | D:14     | Found a sacrificial altar of Ru.
 20946 | D:15     | Entered Level 15 of the Dungeon
 21272 | D:15     | Reached XP level 14. HP: 75/75 MP: 13/13
 21273 | D:15     | Lost mutation: Your magical capacity is low. (-10% MP)
                  | [potion of mutation]
 21273 | D:15     | Lost mutation: You have hidden genetic potential. [potion
                  | of mutation]
 21273 | D:15     | Gained mutation: You have hidden genetic potential. [potion
                  | of mutation]
 21273 | D:15     | Gained mutation: You are occasionally teleported next to
                  | monsters. [potion of mutation]
 21273 | D:15     | Gained mutation: You have a pair of small antennae on your
                  | head. [potion of mutation]
 22190 | D:15     | Found a staircase to the Depths.
 22289 | Depths:1 | Entered Level 1 of the Depths
 22363 | Depths:1 | Noticed a stone giant
 23077 | D:14     | Found a gate to the Vaults.
 23844 | Orc:2    | Found a staircase to the Elven Halls.
 23973 | Orc:2    | Found Semar's General Store.
 24004 | Orc:2    | Reached skill level 19 in Ranged Weapons
 24760 | Orc:2    | Bought a scroll of summoning for 133 gold pieces
 24760 | Orc:2    | Bought a scroll of fear for 56 gold pieces
 24760 | Orc:2    | Bought a scroll of blinking for 105 gold pieces
 24760 | Orc:2    | Bought a scroll of teleportation for 42 gold pieces
 24760 | Orc:2    | Bought a scroll of brand weapon for 133 gold pieces
 24760 | Orc:2    | Bought a scroll of blinking for 105 gold pieces
 24760 | Orc:2    | Bought a scroll of blinking for 105 gold pieces
 24762 | Orc:2    | Bought a potion of heal wounds for 75 gold pieces
 24762 | Orc:2    | Bought a phantom mirror for 600 gold pieces
 24982 | Orc:2    | Reached skill level 10 in Fighting
 25064 | Orc:2    | Reached skill level 10 in Evocations
 25477 | Orc:2    | Found Ipsos's Book Boutique.
 25477 | Orc:2    | Found a one-way gate leading to the halls of Pandemonium.
 25477 | Orc:2    | Found Zaukhlil's Antique Armour Shop.
 25630 | Elf:1    | Entered Level 1 of the Elven Halls
 25759 | Elf:1    | Reached XP level 15. HP: 74/80 MP: 13/16
 26235 | Lair:2   | Gained mutation: You are strong-willed. (Will+) [hidden
                  | potential]
 26635 | Lair:3   | Found a runed translucent gate.
 26635 | Lair:3   | Found a runed translucent gate.
 26635 | Lair:3   | Found a runed translucent gate.
 26791 | Lair:3   | Reached skill level 20 in Ranged Weapons
 27083 | Lair:3   | Identified the +3 buckler of Resourcefulness {rN+ Int+4
                  | Dex+3}
 27132 | Lair:3   | Noticed SuperJoe's ghost (journeyman DjMo)
 27364 | Lair:4   | Found a transporter.
 27373 | Lair:4   | Found a transporter.
 27415 | Lair:4   | Noticed Tunlugh's ghost (adept GrEE)
 28421 | Lair:5   | Entered Level 5 of the Lair of Beasts
 28759 | Lair:5   | Reached skill level 21 in Ranged Weapons
 28936 | Lair:5   | Found a staircase to the Slime Pits.
 30168 | Snake:1  | Entered Level 1 of the Snake Pit
 30708 | Shoals:1 | Entered Level 1 of the Shoals
 30734 | Shoals:1 | Reached XP level 16. HP: 88/88 MP: 17/17
 30840 | Shoals:1 | Gained mutation: Your system is resistant to poisons.
                  | (rPois) [hidden potential]
 30840 | Shoals:1 | Lost mutation: You have hidden genetic potential. [hidden
                  | potential expressed]
 32456 | Orc:2    | Bought a slimy shortbow for 160 gold pieces
 32456 | Orc:2    | Identified the +12 shortbow "Ruudergh" {drain, *Slow rC++
                  | Dex+5} (You bought it in a shop on level 2 of the Orcish
                  | Mines)
 32458 | Orc:2    | Bought a scroll of fog for 72 gold pieces
 32458 | Orc:2    | Bought a scroll of enchant weapon for 135 gold pieces
 32890 | Snake:1  | Reached skill level 15 in Dodging
 33305 | Snake:1  | Noticed Rupert
 33323 | Snake:1  | Killed Rupert
 33612 | Snake:1  | Reached skill level 22 in Ranged Weapons
 35751 | Snake:2  | Learned a level 2 spell: Ensorcelled Hibernation
 35985 | Snake:2  | Reached skill level 10 in Stealth
 36661 | Snake:3  | Reached XP level 17. HP: 87/95 MP: 15/18
 37341 | Snake:3  | Noticed Louise
 37406 | Snake:3  | Killed Louise
 37629 | Snake:4  | Entered Level 4 of the Snake Pit
 37643 | Snake:4  | Found Wuhojiox's Weapon Boutique.
 37657 | Snake:4  | Found Fointow's Assorted Antiques.
 37659 | Snake:4  | Found Zoxacist's Jewellery Boutique.
 37665 | Snake:4  | Bought a scroll of enchant weapon for 217 gold pieces
 37665 | Snake:4  | Bought a twisted bronze amulet for 145 gold pieces
 37665 | Snake:4  | Bought a long bone wand for 116 gold pieces
 37680 | Snake:4  | Bought the necklace of Bloodlust {Fury *Rage Will++ Int-3
                  | Slay+6} for 588 gold pieces
 37680 | Snake:4  | Found the necklace of Bloodlust {Fury *Rage Will++ Int-3
                  | Slay+6}
 39973 | Depths:1 | Noticed a walking frostbound tome
 41347 | Snake:4  | Reached skill level 23 in Ranged Weapons
 41508 | Snake:4  | Got a serpentine rune of Zot
 42527 | Elf:1    | Found a radiant altar of Vehumet.
 42745 | Abyss:2  | Cast into level 2 of the Abyss (+5 trident of distortion)
 42838 | Abyss:2  | Found a corrupted altar of Lugonu.
 42839 | Abyss:2  | Found a corrupted altar of Lugonu.
 42839 | Abyss:2  | Found a corrupted altar of Lugonu.
 43267 | Abyss:2  | Found a corrupted altar of Lugonu.
 43352 | Abyss:2  | Noticed a bone dragon
 43525 | Abyss:2  | Noticed a lich
 43962 | Abyss:2  | Found a corrupted altar of Lugonu.
 44008 | Abyss:2  | Found a corrupted altar of Lugonu.
 44026 | Abyss:2  | Found a viscous altar of Jiyva.
 44080 | Abyss:2  | Noticed a lich
 44138 | Abyss:2  | Noticed a lich
 44167 | Abyss:2  | Found a corrupted altar of Lugonu.
 44173 | Abyss:2  | Found a corrupted altar of Lugonu.
 44173 | Abyss:2  | Found a corrupted altar of Lugonu.
 44261 | Abyss:2  | Noticed a lich
 44650 | Elf:1    | Escaped the Abyss
 45480 | Lair:3   | Reached XP level 18. HP: 101/102 MP: 15/15
 45792 | Orc:2    | Bought a scroll of teleportation for 54 gold pieces
 45792 | Orc:2    | Bought a scroll of blinking for 135 gold pieces
 45824 | Orc:2    | Bought a scroll of teleportation for 42 gold pieces
 47085 | Shoals:3 | Reached skill level 1 in Hexes
 47141 | Shoals:3 | Reached skill level 1 in Spellcasting
 47468 | Shoals:3 | Reached skill level 1 in Ice Magic
 47799 | Shoals:4 | Entered Level 4 of the Shoals
 47838 | Shoals:4 | Noticed Mara
 47868 | Shoals:4 | Noticed Polyphemus
 47884 | Shoals:4 | Noticed Nikola
 48131 | Slime:1  | Entered Level 1 of the Pits of Slime
 48133 | Slime:1  | Lost mutation: You are strong-willed. (Will+) [a shining
                  | eye]
 48134 | Slime:1  | Gained mutation: You are clumsy. (Dex -2) [a shining eye]
 48735 | Depths:1 | Noticed a caustic shrike
 48735 | Depths:1 | Identified the +5 rapier "Orb Guardian's Bane" {vamp, Fly
                  | rN++ Str-5 Stlth+}
 48781 | Depths:1 | Found a gateway to Hell.
 50781 | Lair:3   | Killed SuperJoe's ghost
 53014 | Shoals:3 | Lost mutation: You have a pair of small antennae on your
                  | head. [potion of mutation]
 53014 | Shoals:3 | Lost mutation: You are occasionally teleported next to
                  | monsters. [potion of mutation]
 53014 | Shoals:3 | Gained mutation: Your spells are a little harder to cast,
                  | but a little more powerful. [potion of mutation]
 53014 | Shoals:3 | Gained mutation: Your magical capacity is low. (-10% MP)
                  | [potion of mutation]
 53014 | Shoals:3 | Lost mutation: Your spells are a little harder to cast, but
                  | a little more powerful. [potion of mutation]
 53014 | Shoals:3 | Gained mutation: You are partially covered in iridescent
                  | scales. (AC +2) [potion of mutation]
 53015 | Shoals:3 | Lost mutation: Your magical capacity is low. (-10% MP)
                  | [potion of mutation]
 53015 | Shoals:3 | Lost mutation: Your system is resistant to poisons. (rPois)
                  | [potion of mutation]
 53015 | Shoals:3 | Gained mutation: You are frail. (-10% HP) [potion of
                  | mutation]
 53015 | Shoals:3 | Lost mutation: You are partially covered in iridescent
                  | scales. (AC +2) [potion of mutation]
 53015 | Shoals:3 | Gained mutation: Your system is resistant to poisons.
                  | (rPois) [potion of mutation]
 53016 | Shoals:3 | Lost mutation: You are clumsy. (Dex -2) [potion of
                  | mutation]
 53016 | Shoals:3 | Lost mutation: You are frail. (-10% HP) [potion of
                  | mutation]
 53016 | Shoals:3 | Lost mutation: Your system is resistant to poisons. (rPois)
                  | [potion of mutation]
 53016 | Shoals:3 | Gained mutation: You are strong-willed. (Will+) [potion of
                  | mutation]
 53016 | Shoals:3 | Gained mutation: You are occasionally teleported next to
                  | monsters. [potion of mutation]
 54118 | Depths:1 | Identified the +4 ring mail "Zokeat" {rF- Regen+ Dex-2
                  | SInv}
 54148 | Depths:1 | Noticed a tentacled monstrosity
 54685 | Depths:1 | Reached skill level 15 in Fighting
 55571 | Depths:1 | Killed a tentacled monstrosity
 55598 | Depths:1 | Reached XP level 19. HP: 94/108 MP: 24/24
 55812 | Depths:1 | Learned a level 2 spell: Blink
 55816 | Depths:1 | Learned a level 3 spell: Tukima's Dance
 55830 | Depths:1 | Gained mutation: Armour fits poorly on your strangely
                  | shaped body. [a shining eye]
 56319 | Depths:1 | Reached skill level 1 in Translocations
 56360 | Depths:1 | Killed a caustic shrike
 56706 | Depths:2 | Reached skill level 24 in Ranged Weapons
 56897 | Depths:2 | Noticed a juggernaut
 57761 | Vaults:1 | Entered Level 1 of the Vaults
 58741 | Vaults:1 | Found Bioh's Weapon Boutique.
 59036 | Vaults:1 | Reached skill level 5 in Spellcasting
 59112 | Vaults:1 | Reached skill level 5 in Hexes
 59759 | Vaults:1 | Reached skill level 5 in Translocations
 61304 | Vaults:2 | Found Tuoqargh's Antique Weapon Emporium.
 61588 | Vaults:2 | Found a transporter.
 61630 | Vaults:2 | Found a transporter.
 62561 | Vaults:2 | Noticed a dread lich
 62685 | Vaults:3 | Found the ring of the Mage {Wiz Archmagi}
 63338 | Vaults:3 | Reached XP level 20. HP: 80/112 MP: 29/29
 63869 | Vaults:3 | Found a flickering gateway to a bazaar.
 63885 | Bazaar   | Entered a bazaar
 63885 | Bazaar   | Found Etrekk's Antique Weapon Shoppe.
 63885 | Bazaar   | Found Oroilaz's General Store.
 63885 | Bazaar   | Found Okhisuiro's Armour Emporium.
 63885 | Bazaar   | Found Fuilit's Distillery.
 63901 | Bazaar   | Bought 2 potions of curing for 72 gold pieces
 63901 | Bazaar   | Bought a potion of mutation for 96 gold pieces
 63901 | Bazaar   | Bought a potion of mutation for 96 gold pieces
 63901 | Bazaar   | Lost mutation: Armour fits poorly on your strangely shaped
                  | body. [potion of mutation]
 63901 | Bazaar   | Lost mutation: You are strong-willed. (Will+) [potion of
                  | mutation]
 63901 | Bazaar   | Gained mutation: You occasionally lose the ability to drink
                  | potions when taking damage. [potion of mutation]
 63901 | Bazaar   | Gained mutation: You are partially covered in iridescent
                  | scales. (AC +2) [potion of mutation]
 63901 | Bazaar   | Gained mutation: You sometimes lose your temper in combat.
                  | [potion of mutation]
 63902 | Bazaar   | Lost mutation: You are partially covered in iridescent
                  | scales. (AC +2) [potion of mutation]
 63902 | Bazaar   | Lost mutation: You are occasionally teleported next to
                  | monsters. [potion of mutation]
 63902 | Bazaar   | Gained mutation: You are partially covered in iridescent
                  | scales. (AC +2) [potion of mutation]
 63921 | Bazaar   | Bought a potion of curing for 36 gold pieces
 63921 | Bazaar   | Bought a potion of curing for 36 gold pieces
 63921 | Bazaar   | Bought a potion of might for 48 gold pieces
 63923 | Bazaar   | Bought a +1 robe of fire resistance for 139 gold pieces
 63923 | Bazaar   | Bought +0 pearl dragon scales for 1100 gold pieces
 64234 | Vaults:3 | Found a staircase to the Crypt.
 64459 | Vaults:3 | Reached skill level 1 in Armour
 64842 | Vaults:3 | Reached skill level 25 in Ranged Weapons
 66828 | Vaults:4 | Noticed Donald
 67054 | Crypt:1  | Entered Level 1 of the Crypt
 67965 | D:14     | Killed Josephine
 68908 | Elf:1    | Found a shimmering blue altar of Sif Muna.
 69726 | Elf:2    | Reached XP level 21. HP: 121/121 MP: 30/30
 69981 | Elf:2    | Found a runed translucent gate.
 69982 | Elf:2    | Found a runed translucent gate.
 69982 | Elf:2    | Found a runed translucent gate.
 70377 | Elf:2    | Found Letut's General Store.
 70390 | Elf:2    | Bought a scroll of fog for 64 gold pieces
 70390 | Elf:2    | Bought a potion of curing for 48 gold pieces
 70641 | Elf:2    | Reached skill level 5 in Armour
 71196 | Elf:2    | Identified the blade talisman of the Trees {*Slow rElec
                  | MP+9 Str-2}
 71307 | Elf:3    | Entered Level 3 of the Elven Halls
 71747 | Shoals:3 | Killed Nikola
 72524 | Slime:1  | Gained mutation: Your magical capacity is low. (-10% MP) [a
                  | shining eye]
 72671 | Slime:1  | Gained mutation: Your magical capacity is very low. (-20%
                  | MP) [a shining eye]
 72674 | Lair:5   | Gained mutation: You are dopey. (Int -2) [a shining eye]
 72676 | Lair:5   | Gained mutation: You occasionally lose the ability to read
                  | scrolls when taking damage. [a shining eye]
 73261 | Lair:4   | Killed Tunlugh's ghost
 74943 | Vaults:4 | Killed Donald
 75168 | Vaults:4 | Reached skill level 26 in Ranged Weapons
 76381 | Vaults:5 | Entered Level 5 of the Vaults
 76535 | Vaults:5 | Noticed an ancient lich
 76920 | Vaults:5 | Reached XP level 22. HP: 120/128 MP: 25/25
 76976 | Vaults:5 | Noticed a dread lich
 77162 | Vaults:5 | Noticed a dread lich
 78787 | Depths:1 | Killed a juggernaut
 78935 | Depths:2 | a tengu reaver changed into a golden dragon
 78935 | Depths:2 | Noticed a golden dragon
 79088 | Depths:1 | Killed a golden dragon
 80734 | Depths:2 | Noticed Saint Roka
 82474 | Depths:2 | Found a one-way gate to the infinite horrors of the Abyss.
 82500 | Depths:2 | Identified the amulet "Xeps" {Regen+ Str+2}
 82580 | Hell     | Entered the Vestibule of Hell
 82580 | Hell     | Noticed Geryon
 82900 | Depths:2 | Identified the +7 mace "Neth" {freeze, rElec rPois}
 83464 | Depths:2 | Killed Saint Roka
 84297 | Depths:3 | Found Doat's Magic Scroll Emporium.
 84306 | Depths:3 | Found Keapp's Magic Scroll Shop.
 84316 | Depths:3 | Bought a scroll of enchant weapon for 165 gold pieces
 85848 | Depths:4 | Entered Level 4 of the Depths
 85919 | Depths:3 | Noticed a golden dragon
 85981 | Depths:3 | Found a broken altar of Ashenzari.
 85998 | Depths:3 | Found a glowing golden altar of the Shining One.
 86142 | Depths:3 | Bought a scroll of teleportation for 69 gold pieces
 86142 | Depths:3 | Bought a scroll of fear for 92 gold pieces
 86142 | Depths:3 | Bought a scroll of fear for 92 gold pieces
 86153 | Depths:3 | Bought a scroll of silence for 218 gold pieces
 86238 | Depths:3 | Found a corrupted altar of Lugonu.
 86332 | Depths:3 | You fall into a shaft and drop 1 floor!
 86343 | Depths:3 | Reached skill level 27 in Ranged Weapons
 87025 | Depths:4 | Reached XP level 23. HP: 123/135 MP: 26/26
 87077 | Depths:4 | Found a white marble altar of Elyvilon.
 87187 | Depths:4 | Found a one-way gateway to a ziggurat.
 88089 | Depths:4 | Noticed a caustic shrike
 88089 | Depths:4 | Noticed a caustic shrike
 88089 | Depths:4 | Noticed a caustic shrike
 88089 | Depths:4 | Noticed a caustic shrike
 88089 | Depths:4 | Noticed a caustic shrike
 88133 | Depths:4 | Killed a caustic shrike
 88165 | Depths:4 | Killed a caustic shrike
 88663 | Depths:4 | Killed a caustic shrike
 88810 | Depths:4 | Killed a caustic shrike
 88820 | Depths:4 | Killed a caustic shrike
 90157 | Depths:4 | Found a gate to the Realm of Zot.
 90583 | Depths:3 | Noticed a juggernaut
 90600 | Depths:3 | Killed a juggernaut
 91693 | Slime:1  | Gained mutation: You are frail. (-10% HP) [a shining eye]
 92350 | Slime:2  | Paralysed by a formless jellyfish for 1 turns
 92624 | Slime:1  | Upgraded the game from 0.31.0-9-g3a7656b989 to
                  | 0.31.0-10-gcf4a605ca0
 96196 | Slime:5  | Entered Level 5 of the Pits of Slime
 96201 | Slime:5  | Reached skill level 15 in Evocations
 96212 | Slime:5  | Gained mutation: You have hidden genetic defects. [a
                  | shining eye]
 96748 | Slime:5  | Gained mutation: You are weak. (Str -2) [a shining eye]
 97607 | Orc:2    | Bought the +3 greatsling "Punk" {acid, rCorr} for 626 gold
                  | pieces
 97607 | Orc:2    | Found the +3 greatsling "Punk" {acid, rCorr}
 97890 | Slime:5  | Noticed the Royal Jelly
 98898 | Slime:5  | Found a viscous altar of Jiyva.
 99560 | Slime:5  | Killed the Royal Jelly
 99561 | Slime:5  | Reached XP level 24. HP: 81/127 MP: 26/26
100119 | Slime:5  | HP: 3/127 [rockslime[the Royal Jelly] (27)]
100126 | Slime:5  | Slain by a quicksilver ooze

Illustrated notes

Levels and vault maps discovered:
D:1:      amcnicky_arrival_double_pillar, layout_rooms,
          hellmonk_ecumenical_altar_prayer_group, corexii_hall_statues_l
D:2:      layout_loops_ring
D:3:      layout_basic, uniq_natasha, uniq_crazy_yiuf_cottage
D:4:      kennysheep_six_static_rooms, layout_loops_corners, temple_statues,
          serial_bayou, serial_bayou_lagoon_b, serial_bayou_pond_b,
          serial_bayou_lagoon_a, serial_bayou_pond_e, serial_bayou_lake_a,
          uniq_ijyb
D:5:      layout_loops_ring, kennysheep_ying_yang, gammafunk_ghost_icy,
          nicolae_houndstooth_variations
D:6:      layout_gridville, nicolae_overflow_macrodata_refinement,
          hellmonk_ghost_happy_afterlife, serial_shops, nicolae_shop_drivethru
D:7:      layout_loops_corners, amcnicky_altar_gilded, grunt_qazlal_clouds,
          enter_ossuary_2, roderic_lattice_a, chequers_serial_rivers_small_a,
          nicolae_take_the_stairs, serial_library_hellmonk_big_corner,
          uniq_maggie
D:8:      layout_loops_ring, vehumet_statue, worldfamousw_hep_ancestral_shrine
D:9:      layout_layer_cave, nemelex_xobeh_ov_fountains_minmay,
          gammafunk_ghost_wrathful_warriors, amethyst_killhole
D:10:     layout_rooms, lemuel_tele_altar, nicolae_shop_firing_range
D:11:     layout_basic, dpeg_oklobed_lair, nicolae_trove_entry_path_of_doom
D:12:     layout_stronghold, erik_orc_3, nicolae_letterblocks
          [nicolae_letter_subblock, nicolae_letter_subblock,
          nicolae_letter_subblock, nicolae_letter_subblock,
          nicolae_letter_subblock, nicolae_letter_subblock,
          nicolae_letter_subblock, nicolae_letter_subblock,
          nicolae_letter_subblock, nicolae_letter_subblock,
          nicolae_letter_subblock, nicolae_letter_subblock,
          nicolae_letter_subblock, nicolae_letter_subblock,
          nicolae_letter_subblock, nicolae_letter_subblock,
          nicolae_letter_subblock, nicolae_letter_subblock,
          nicolae_letter_subblock, nicolae_letter_subblock,
          nicolae_letter_subblock, nicolae_letter_subblock,
          nicolae_letter_subblock, nicolae_letter_subblock,
          nicolae_letter_subblock]
D:13:     layout_basic
D:14:     layout_long_grid, hangedman_vaults_entry_quadrant_bands,
          gauntlet_entry_generic, lemuel_round_altar,
          nicolae_ru_the_path_less_chosen, uniq_josephine
D:15:     hellmonk_depths_entry_around_the_bend, layout_basic, abandoned_shop,
          hex_intersection
Temple:   hellmonk_temple_flake
Lair:1:   layout_roguey, uniq_grum, uniq_harold, uniq_joseph
Lair:2:   layout_loops_ring, mainiacjoe_shoals_entry_four_pools,
          nicolae_snake_entry_warm_welcome, gammafunk_ghost_arena,
          serial_bayou_shore_a
Lair:3:   layout_misc_corridors, maelrawn_ghost_gauntlet_escape,
          minmay_lair_oklob_items, st_stairs_3
Lair:4:   layout_regular_city, gammafunk_ghost_arena,
          grunt_forest_large_clearing_hut, grunt_megastairs_4,
          infiniplex_staircase_pool, lemuel_fruit_tree
Lair:5:   due_jungle_book, layout_long_grid, slime_entry_1
Shoals:1: nicolae_shoals_aurelia_aurita, layout_shoals
Shoals:2: layout_shoals, nicolae_shoals_drake_roost
Shoals:3: layout_shoals
Shoals:4: shoals_end_simple, layout_shoals, uniq_mara, uniq_polyphemus,
          uniq_nikola
Snake:1:  layout_cave_shapes, nicolae_snake_linked_coils, uniq_rupert
Snake:2:  nicolae_sea_snake_s, layout_cave_town
Snake:3:  layout_cave_town, st_stairs_10, grunt_megastairs_2, uniq_louise
Snake:4:  grunt_snake_rune_pools, layout_cave_town, minmay_shop_star
Slime:1:  layout_caves, special_room [special_room_jelly]
Slime:2:  layout_caves
Slime:3:  layout_caves
Slime:4:  cheibrodos_slime_lost_civilization_9, layout_caves
Slime:5:  slime_pit_nicolae_inversion
Orc:1:    layout_diamond_mine
Orc:2:    pf_orc_diabolical, layout_caves, uniq_urug
Elf:1:    eino_elf_arrival_sip, layout_gridlike, serial_shops,
          bzr_entry_lakeside, basic_altar, nicolae_elf_blasts_and_bolts,
          lemuel_upstairs_altar
Elf:2:    nicolae_elf_blades_crystal_corner, layout_geoelf_octagon,
          serial_shops, shop, portal_desolation_entry_nicolae_forbidding_blocks
Elf:3:    grunt_elf_hall_spiral, layout_geoelf_grid, serial_shops, shop,
          nicolae_shop_window_shopping, nicolae_shop_crystal, basic_altar,
          minmay_misc_feat_alley
Vaults:1: nicolae_vaults_little_ls, vaults_dpeg_encased_lava, v_misc_22,
          nicolae_vaults_octothorpe, layout_vaults_omnigrid, serial_shops,
          nicolae_shop_statue_plus
Vaults:2: nicolae_vaults_storage_closets_3, gammafunk_dig_for_victory,
          nicolae_vaults_trapezoid_lopsided_1, grunt_vaults_hallway_long,
          v_misc_24, nicolae_vaults_house_1,
          nicolae_vaults_doubleplus_tesselated, layout_vaults_omnicross,
          serial_shops, nicolae_lakefront_shop
Vaults:3: ontoclasm_vaults_idyll, v_rooms_2,
          nicolae_vaults_trapezoid_lopsided_3, minmay_crypt_entry_simple_sparse,
          hangedman_vaults_hat, hangedman_vaults_unwind, v_misc_11,
          nicolae_vaults_asterisk, nicolae_vaults_trapezoid_1,
          nicolae_vaults_more_shelving_1, nicolae_vaults_closet_pinwheel_6,
          nicolae_vaults_little_squares_5, layout_vaults_big_room, serial_shops,
          bzr_entry_gold
Vaults:4: hangedman_vaults_corner_blocks, ontoclasm_vaults_ligature, v_misc_1,
          v_misc_4, vaults_mumra_chevron_long, nicolae_vaults_closet_pinwheel_2,
          vaults_standard_mumra_enter_the_diamond,
          nicolae_vaults_twisting_passages, nicolae_vaults_lightning_bolt,
          nicolae_vaults_trapezoid_lopsided_4, nicolae_vaults_angled_halls,
          v_misc_18, vaults_dpeg_ring, vaults_room_grid,
          nicolae_vaults_tetromino_L_2, nicolae_vaults_trapezoid_4,
          layout_vaults_maze_bifur, uniq_donald
Vaults:5
Crypt:1:  layout_gridlike, grunt_ministairs_14, uniq_sojobo
Depths:1: grunt_deathspiral_small, layout_basic, nicolae_the_louvre,
          grunt_metal_band, grunt_decor_one_mirror, minmay_misc_feat_ornament,
          grunt_potential
Depths:2: box_level_dp, abyss_entry, pan_entry, hell_entry, uniq_saint_roka
Depths:3: minmay_two_paths, layout_honeycomb, nicolae_tso_carved_into_rock,
          serial_sigils, serial_sigils_hangedman_confine,
          serial_sigils_hangedman_scratch, serial_sigils_hangedman_writhe,
          serial_sigils_hangedman_leer, serial_sigils_hangedman_scar, pan_entry,
          abyss_entry_flame_altar, hell_entry, nicolae_wooded_promenade,
          nicolae_ashenzari_skybound
Depths:4: grunt_zot_entry_hairpin, layout_honeycomb, enter_ziggurat_d,
          hell_entry, nicolae_elyvilon_peaceful_grove, grunt_pan_entry_zigzag,
          abyss_entry, nicolae_twisty_statue_hallways
Hell

Skill      XL: |  1  2  3  4  5  6  7  8  9 10 11 12 13 14 15 16 17 18 19 20 21 22 23 |
---------------+----------------------------------------------------------------------+-----
Stealth        | 2 3 6 9 10 12 | 12.8
Dodging        | 3 4 6 9 10 11 13 14 15 16 17 18 19 20 22 | 22.5
Fighting       | 2 4 5 7 8 9 10 11 13 14 15 16 17 18 19 20 | 20.2
Ranged Weapons | 5 6 8 9 11 13 14 16 17 18 19 21 22 23 24 25 26 27 | 27.0
Evocations     | 6 9 10 12 15 | 15.6
Hexes          | 3 5 |  5.0
Spellcasting   | 3 5 6 |  6.0
Ice Magic      | 2 3 |  3.3
Translocations | 6 |  6.5
Armour         | 4 7 8 |  8.5

Action                     |  1- 3 |  4- 6 |  7- 9 | 10-12 | 13-15 | 16-18 | 19-21 | 22-24 || total
---------------------------+-------+-------+-------+-------+-------+-------+-------+-------++-------
  Melee: Rapier            |       |       |       |       |       |       |     2 |     1 ||     3
   Fire: Shortbow          |   113 |   224 |   336 |       |       |   275 |   404 |   192 ||  1544
         Orcbow            |       |       |    98 |    61 |       |       |       |       ||   159
         Arbalest          |       |       |       |   672 |  1672 |  1569 |  1280 |   918 ||  6111
         Greatsling        |       |       |       |       |       |       |       |   111 ||   111
   Cast: Blink             |       |       |       |       |       |       |     8 |     6 ||    14
 Invoke: Potion Petition   |       |       |       |     1 |     4 |    11 |     9 |     4 ||    29
         Call Merchant     |       |       |       |       |       |     3 |       |     1 ||     4
  Evoke: Wand              |       |       |     6 |     3 |    20 |    12 |     1 |    21 ||    63
         Condenser vane    |       |       |       |       |       |     3 |     1 |     1 ||     5
         Phantom mirror    |       |       |       |       |       |     2 |     1 |     1 ||     4
    Use: Scroll            |     3 |     8 |    16 |    13 |    10 |    22 |    13 |    11 ||    96
         Potion            |       |     2 |       |     6 |     6 |    19 |    10 |     9 ||    52
   Stab: Sleeping          |       |       |       |       |       |       |     2 |     1 ||     3
 Armour: Robe              |    11 |    25 |    26 |   101 |   164 |   308 |   221 |   269 ||  1125
         Pearl dragon scal |       |       |       |       |       |       |    16 |    36 ||    52
  Dodge: Dodged            |    27 |    49 |    62 |   302 |   619 |  1213 |   762 |   926 ||  3960
  Block: Other             |       |       |       |     1 |       |    62 |     1 |    11 ||    75
         Reflection        |       |       |       |     1 |       |     1 |       |       ||     2
         Buckler           |       |       |       |       |       |       |       |    27 ||    27
